 Dungeon Crawl Stone Soup version 0.29-a0-284-gf9362112df (webtiles) character file.

Game seed: 18377203734602148943

2534 drugrobin the Cleaver (level 9, -2/79 HPs)
             Began as a Demigod Fighter on Mar 20, 2022.
             Slain by a vampire mosquito (6 damage)
             ... on level 6 of the Dungeon.
             The game lasted 00:14:47 (6736 turns).

drugrobin the Cleaver (Demigod Fighter)             Turns: 6736, Time: 00:14:48

Health: -2/79      AC: 16    Str: 35    XL:     9   Next: 9%
Magic:  11/11      EV:  7    Int: 10    God:
Gold:   260        SH:  4    Dex: 13    Spells: 8/8 levels left

rFire   + . .      SeeInvis .   a - +0 war axe
rCold   . . .      Faith    .   c - +0 buckler
rNeg    . . .      Spirit   .   i - +0 plate armour
rPois   .          Reflect  .   t - +0 helmet
rElec   .          Harm     .   (no cloak)
rCorr   .          Rampage  .   m - +2 pair of gloves
Will    .....                   h - +0 pair of boots
Stlth   ..........              (no amulet)
HPRegen 0.23/turn               j - ring of protection from fire
MPRegen 0.12/turn               x - +6 ring of strength

@: mighty
A: high MP 1, forlorn, divine attributes
a: no special abilities


You were on level 6 of the Dungeon.
You visited 1 branch of the dungeon, and saw 7 of its levels.

You collected 470 gold pieces.
You spent 210 gold pieces at shops.

Inventory:

Hand Weapons
 a - a +0 war axe (weapon)
 b - a +2 hand axe of venom
Missiles
 f - 13 poisoned darts (quivered)
 w - 3 curare-tipped darts
Armour
 c - a +0 buckler (worn)
 h - a +0 pair of boots (worn)
 i - a +0 plate armour (worn)
 m - a +2 pair of gloves (worn)
 t - a +0 helmet (worn)
Jewellery
 j - a ring of protection from fire (left hand)
 x - a +6 ring of strength (right hand)
Wands
 y - a wand of iceblast (1)
 A - a wand of paralysis (2)
Scrolls
 n - 2 scrolls of vulnerability {unknown}
 o - a scroll of amnesia
 p - 4 scrolls of blinking {unknown}
 q - 2 scrolls of enchant armour
 r - 4 scrolls of noise {unknown}
 s - a scroll of fog
 v - a scroll of teleportation
 z - a scroll of fear
Potions
 d - 3 potions of might
 e - 2 potions of berserk rage
 g - 2 potions of lignification {unknown}
 k - 2 potions of flight {unknown}
 l - 5 potions of attraction
 u - 2 potions of mutation {unknown}
 B - a potion of curing
 C - a potion of brilliance {unknown}


   Skills:
 + Level 7.2 Fighting
 * Level 9.7 Axes
 - Level 2.6 Armour
 - Level 2.6 Shields


You had 8 spell levels left.
You didn't know any spells.
Your spell library contained the following spells:

 Spells                   Type           Power      Damage    Failure   Level
 Animate Skeleton         Necr           0%         N/A       99%         1
 Apportation              Tloc           0%         N/A       99%         1
 Summon Small Mammal      Summ           0%         N/A       99%         1
 Ensorcelled Hibernation  Hex/Ice        0%         N/A       99%         2
 Passwall                 Tmut/Erth      0%         N/A       99%         2
 Sublimation of Blood     Necr           0%         N/A       99%         2
 Wereblood                Tmut           0%         N/A       99%         2
 Call Canine Familiar     Summ           0%         N/A       100%        3
 Ozocubu's Armour         Ice            0%         N/A       100%        3
 Portal Projectile        Hex/Tloc       0%         N/A       100%        3
 Swiftness                Air            0%         N/A       100%        3
 Leda's Liquefaction      Hex/Erth       0%         N/A       100%        4
 Metabolic Englaciation   Hex/Ice        0%         N/A       100%        5
 Simulacrum               Ice/Necr       0%         N/A       100%        6
 Summon Hydra             Summ           0%         N/A       100%        7


Dungeon Overview and Level Annotations

Branches:
Dungeon (7/15)
 Temple: D:4-7

Shops:
D:1 *

Annotations:
D:4 3 runed translucent doors, spaghetti's ghost, amateur DsCK


Innate Abilities, Weirdness & Mutations

You have an increased reservoir of magic. (+10% MP)
You shall have no god before yourself.
Your divine heritage dramatically boosts your attributes as you level up.


Message History

The vampire mosquito draws strength from your injuries!
The vampire mosquito bites you!
The vampire mosquito draws strength from your injuries!
You closely miss the vampire mosquito.
The vampire mosquito is moderately damaged.
The vampire mosquito bites you.
The vampire mosquito draws strength from your injuries!
The vampire mosquito barely misses you.
You miss the vampire mosquito.
The vampire mosquito is lightly damaged.
You block the vampire mosquito's attack.
The vampire mosquito bites you but does no damage.
You slash the vampire mosquito!
The vampire mosquito is heavily damaged.
The vampire mosquito bites you.
* * * LOW HITPOINT WARNING * * *
The vampire mosquito draws strength from your injuries!
The vampire mosquito bites you but does no damage.
Unknown command.
You slash the vampire mosquito!
The vampire mosquito is severely damaged.
The vampire mosquito bites you but does no damage.
The vampire mosquito bites you!
* * * LOW HITPOINT WARNING * * *
The vampire mosquito draws strength from your injuries!
Unknown command.
Unknown command.
You feel very mighty all of a sudden. The vampire mosquito barely misses you.
You block the vampire mosquito's attack.
Unknown command.
Unknown command.
Unknown command.
You barely miss the vampire mosquito.
The vampire mosquito is heavily damaged.
The vampire mosquito bites you!
* * * LOW HITPOINT WARNING * * *
The vampire mosquito draws strength from your injuries!
The vampire mosquito bites you.
You die...

############
#####...........
#...##...#...#..
###.#.............
#...#..#...#...#..
#.#...............
####@#.#..###########
#....y.....#.# #.....
#.##.......#.# #..##.
#..........#.# #...#.
######.###.#.# #####.
#.......#.# #.
#.#.#####.# #.
###.#......^# ##
#.....#######


You could see a vampire mosquito.

Vanquished Creatures
  Pikel (D:5)
  Grinder (D:3)
  A vampire mosquito (D:7)
  An ogre (D:5)
  A lemure (D:5)
  Blork the orc (D:6)
  A gnoll sergeant (D:5)
  6 necrophages
  4 scorpions
  A wight (D:4)
  3 howler monkeys
  3 hounds
  A human zombie (D:4)
  4 jellies
  An orc priest (D:3)
  2 orc wizards
  A scorpion zombie (D:4)
  2 hound zombies (D:4)
  3 mummies (D:4)
  Robin (D:3)
  13 gnolls
  6 adders
  A shadow imp (D:5)
  A white imp (D:6)
  An ufetubus (D:5)
  2 worms
  7 dart slugs
  7 orcs
  5 ball pythons
  2 bats
  11 endoplasms
  5 giant cockroaches
  10 goblins
  14 hobgoblins
  4 quokkas
  3 frilled lizards
  5 kobolds
  A quokka zombie (D:4)
  5 rats
142 creatures vanquished.

Notes
Turn   | Place    | Note
-------+----------+-------------------------------------------
     0 | D:1      | drugrobin the Demigod Fighter began the quest for the Orb.
     0 | D:1      | Reached XP level 1. HP: 18/18 MP: 3/3
    16 | D:1      | Reached skill level 2 in Axes
   359 | D:1      | Reached XP level 2. HP: 25/25 MP: 4/4
   482 | D:1      | Found Temiocus's Assorted Antiques.
   706 | D:1      | Reached skill level 3 in Axes
  1054 | D:1      | Reached XP level 3. HP: 29/31 MP: 5/5
  2121 | D:3      | Noticed Robin
  2131 | D:3      | Reached XP level 4. HP: 27/38 MP: 6/6
  2145 | D:3      | Killed Robin
  2456 | D:4      | Noticed Grinder
  2612 | D:4      | Reached skill level 4 in Axes
  2833 | D:3      | Reached XP level 5. HP: 33/46 MP: 7/7
  3940 | D:4      | Reached skill level 5 in Axes
  3945 | D:4      | Reached XP level 6. HP: 52/52 MP: 8/8
  4045 | D:4      | Reached skill level 6 in Axes
  4082 | D:4      | Reached XP level 7. HP: 33/60 MP: 9/9
  4485 | D:4      | Found a runed translucent gate.
  4486 | D:4      | Found a runed translucent gate.
  4486 | D:4      | Found a runed translucent gate.
  4487 | D:4      | Noticed spaghetti's ghost (amateur DsCK)
  4641 | D:5      | Entered Level 5 of the Dungeon
  4751 | D:5      | Reached skill level 5 in Fighting
  4987 | D:5      | Reached skill level 7 in Axes
  5399 | D:5      | Reached XP level 8. HP: 70/70 MP: 10/10
  5731 | D:1      | Bought a scroll of identify for 48 gold pieces
  5731 | D:1      | Bought a scroll labelled ROTHRO BUTEMIO for 24 gold pieces
  5731 | D:1      | Bought a fuming inky potion for 21 gold pieces
  5731 | D:1      | Bought a scroll labelled REMOULI YCKI for 24 gold pieces
  5731 | D:1      | Bought a scroll of identify for 48 gold pieces
  5731 | D:1      | Bought a scroll labelled ROEXZI IMMAILAN for 24 gold pieces
  5731 | D:1      | Bought an emerald potion for 21 gold pieces
  5824 | D:3      | Paralysed by Grinder for 5 turns
  5836 | D:3      | Killed Grinder
  5837 | D:3      | Reached skill level 8 in Axes
  5961 | D:6      | Noticed Blork the orc
  5991 | D:6      | Killed Blork the orc
  6282 | D:6      | Noticed Pikel
  6302 | D:5      | Killed Pikel
  6303 | D:5      | Reached skill level 9 in Axes
  6434 | D:6      | Paralysed by a gnoll for 4 turns
  6444 | D:6      | Reached XP level 9. HP: 73/79 MP: 11/11
  6736 | D:6      | Slain by a vampire mosquito

Illustrated notes

Levels and vault maps discovered:
D:1:      amcnicky_arrival_single_pillar, layout_basic,
          shapermc_ecumenical_altar_pompeii, serial_shops, shop, minivault_5,
          minmay_small_reverse_x
D:2:      layout_loops_ring, amcnicky_mini_rare_corridor_liquid,
          hangedman_decor_growths, minmay_misc_feat_encased,
          kennysheep_generic_room_13
D:3:      layout_basic, minmay_misc_feat_ornament, uniq_robin
D:4:      layout_rooms, lemuel_mausoleum_altar_yredelemnul,
          ebering_ghost_rock_garden, uniq_grinder
D:5:      layout_cave_pools, kennysheep_mini, amcnicky_altar_gilded
D:6:      layout_basic, lemuel_coloured_pillars_altar, serial_park_tiny_2,
          uniq_pikel, uniq_blork_the_orc
D:7:      layout_cave_pools, kennysheep_mini_moat, minmay_temple_entry_grid,
          minmay_splitting_lines, uniq_maggie, uniq_crazy_yiuf_cottage

Skill      XL: |  1  2  3  4  5  6  7  8 |
---------------+-------------------------+-----
Axes           | 2 3 4 5 6 7 9 |  9.7
Fighting       | 3 4 5 7 |  7.2
Armour         | |  2.6
Shields        | |  2.6

Action                   |  1- 3 |  4- 6 |  7- 9 || total
-------------------------+-------+-------+-------++-------
Melee: War axe           |   104 |   154 |    57 ||   315
       Hand axe          |       |       |   156 ||   156
Throw: Dart              |       |     6 |     7 ||    13
       Throwing net      |       |       |     1 ||     1
  Use: Scroll            |       |     3 |     5 ||     8
       Potion            |       |       |     1 ||     1
Armor: Scale mail        |    12 |       |       ||    12
       Plate armour      |    57 |    76 |   119 ||   252
Dodge: Dodged            |    26 |    41 |    60 ||   127
Block: Buckler           |    20 |    28 |    35 ||    83

Table legend: (Time is in decaauts)
 A = Elapsed time spent in this place.
 B = Non-inter-level travel time spent in this place.
 C = Inter-level travel time spent in this place.
 D = Time resting spent in this place.
 E = Time spent auto-exploring this place.
 F = Levels seen in this place.
 G = Mean time per level.
                   A        B        C        D        E       F      G
               +--------+--------+--------+--------+--------+-----+--------+
         Total |   6835 |   6252 |    583 |    581 |   4036 |   7 |  976.4 |
       Dungeon |   6835 |   6252 |    583 |    581 |   4036 |   7 |  976.4 |
               +--------+--------+--------+--------+--------+-----+--------+

Top non-repeatable levels by time:
     D:3: 1700 daAuts
     D:1: 1466 daAuts
     D:4: 1174 daAuts
     D:5: 1031 daAuts
     D:2: 753 daAuts
     D:6: 681 daAuts
     D:7: 27 daAuts
